 Dungeon Crawl Stone Soup version 0.25-a0-690-g234afa57d4 (webtiles) character file.

Game seed: 5208592900864193551, levelgen mode: deterministic

59 Mgcat the Charlatan (level 4, 0/27 HPs)
             Began as a Gargoyle Artificer on Mar 30, 2020.
             Slain by an orc
             ... wielding a +0 trident
              (1 damage)
             ... on level 3 of the Dungeon.
             The game lasted 00:05:28 (2098 turns).

Mgcat the Charlatan (Gargoyle Artificer)            Turns: 2098, Time: 00:05:29

Health: 0/27       AC: 12    Str: 17    XL:     4   Next: 3%
Magic:  6/6        EV:  7    Int: 11    God:
Gold:   104        SH:  0    Dex: 10    Spells: 3/3 levels left

rFire    . . .     SeeInvis .   n - +0 hand axe
rCold    . . .     Gourm    .   (no shield)
rNeg     + . .     Faith    .   a - +0 chain mail
rPois    ∞         Spirit   .   (no helmet)
rElec    +         Reflect  .   (no cloak)
rCorr    .         Harm     .   (no gloves)
MR       .....                  (no boots)
Stlth    ..........             (no amulet)
HPRegen  0.09/turn              (no ring)
MPRegen  0.10/turn              (no ring)

@: about to teleport
A: negative energy resistance 1, electricity resistance, unbreathing,
petrification resistance, rot immunity, AC +3
a: no special abilities


You were on level 3 of the Dungeon.
You were not hungry.

You visited 1 branch of the dungeon, and saw 3 of its levels.

You collected 104 gold pieces.

Inventory:

Hand Weapons
 n - a +0 hand axe (weapon)
   (You found it on level 1 of the Dungeon)
Missiles
 h - 8 boomerangs (quivered)
Armour
 a - a +0 chain mail (worn)
   (You found it on level 2 of the Dungeon)
Wands
 c - a wand of flame (15)
 d - a wand of enslavement (15)
 e - a wand of random effects (15)
Scrolls
 g - a scroll of teleportation
 j - a scroll of fear {unknown}
 l - a scroll of magic mapping {unknown}
 m - 2 scrolls of enchant armour {unknown}
 o - a scroll of enchant weapon {unknown}
Potions
 b - a potion of haste {unknown}
 i - a potion of heal wounds {unknown}
 k - 2 potions of curing {unknown}
 p - 2 potions of ambrosia {unknown}
 q - a potion of might {unknown}
 s - a potion of resistance {unknown}
Comestibles
 f - 7 rations
 r - a chunk of flesh {@w0}


   Skills:
 + Level 2.6 Fighting
   Level 0.8 Short Blades
 + Level 1.2 Axes
 + Level 1.2 Armour
 - Level 2.1 Dodging
 - Level 1.1 Stealth
 - Level 2.6 Evocations


You had 3 spell levels left.
You didn't know any spells.
Your spell library was empty.

Dungeon Overview and Level Annotations

Branches:
Dungeon (3/15)

Altars:


Innate Abilities, Weirdness & Mutations

You are resistant to torment.
Your stone body is resilient. (AC +3)
You are immune to poison.
You resist negative energy. (rN+)
You are resistant to electric shocks. (rElec)
You can survive without breathing.
You are immune to petrification.
You are immune to rotting.


Message History

There is a stone staircase leading down here.
You climb downwards.
There is a stone staircase leading up here.
Found a stone staircase leading up.
A worm comes into view.
Spoiler Alert: The worm can hit for moderate damage in melee!
You see here a metallic emerald potion.
The worm closely misses you.
You hit the worm but do no damage. The worm bites you.
You take 2 damage, and have 20/22 hp.
You hit the worm.
The worm is moderately wounded.
Spoiler Alert: The worm can hit for moderate damage in melee!
You hit the worm.
The worm is severely wounded.
The worm bites you but does no damage.
You hit the worm.
The worm is almost dead.
The worm bites you.
You take 3 damage, and have 17/22 hp.
Spoiler Alert: The worm can hit for moderate damage in melee!
You hit the worm but do no damage.
The worm is almost dead.
The worm barely misses you.
You are near starving!
You barely miss the worm.
The worm is severely wounded.
Spoiler Alert: The worm can hit for moderate damage in melee!
You barely miss the worm.
The worm is severely wounded.
The worm bites you.
You take 1 damage, and have 16/22 hp.
You are too injured to fight recklessly!
You are too injured to fight recklessly!
Spoiler Alert: The worm can hit for moderate damage in melee!
You are too injured to fight recklessly!
You hit the worm.
You kill the worm!
You have reached level 4!
You feel stronger.
You regained 4 hp, and now have 20/27 hp.
MP restored: 6 You see here a worm corpse.
You butcher the worm corpse.
r - 3 chunks of flesh {@w0} There isn't anything here!
s - a metallic emerald potion You start resting.
Eating one of 3 chunks of flesh {@w0}.
You eat one of the 3 chunks of flesh {@w0}.
This raw flesh tastes terrible.
You are feeling hungry.
Eating one of 2 chunks of flesh {@w0}.
You eat one of the 2 chunks of flesh {@w0}.
This raw flesh tastes terrible.
HP restored.
You start resting.
HP restored.
Health restored: 27
Found a stone staircase leading down.
An orc comes into view. It is wielding a +0 trident.
The orc shouts!
An orc comes into view. It is wielding a +0 falchion.
An orc comes into view. It is wielding a +0 whip.
The orc shouts!
You hear a shout!
An orc priest comes into view. It is wielding a +0 hand axe.
You hear a shout!
Spoiler Alert: The orc priest can smite you!
The orc barely misses you.
The orc hits you from afar with a +0 trident.
You take 1 damage, and have 26/27 hp.
A hobgoblin comes into view. It is wielding a +0 club.
The hobgoblin shouts!
You hit the orc but do no damage. You barely miss the orc.
The orc barely misses you. x2
The orc priest invokes the aid of Beogh against you.
Beogh smites you!
Ouch! That really hurt!
You take 14 damage, and have 12/27 hp.
MASSIVE DAMAGE!!
Spoiler Alert: The orc priest can smite you!
You are too injured to fight recklessly!
You slash the orc!
You kill the orc!
Your chain mail prevents you from hitting the orc.
The orc hits you but does no damage.
You closely miss the orc. x2; The orc hits you but does no damage.
The orc closely misses you. The orc barely misses you.
Spoiler Alert: The orc priest can smite you!
You closely miss the orc. You hit the orc.
The orc hits you but does no damage. x2
You hit the orc but do no damage. You hit the orc.
The orc hits you but does no damage.
The orc priest invokes the aid of Beogh against you.
Beogh smites you!
* * * LOW HITPOINT WARNING * * *
You take 12 damage, and have 1/27 hp.
MASSIVE DAMAGE!!
Spoiler Alert: The orc priest can smite you!
As you read the scroll labeled ACAS FUCVOLIO, it crumbles to dust.
You feel strangely unstable.
It was a scroll of teleportation.
The orc priest calls upon Beogh to heal the orc.
The orc's wounds heal themselves!
The orc hits you with a +0 trident.
You die...

#.#......#.#.#.#
###.###.##.#.#.#.#
...............#.#
###.###..#.#...#.#
#......#.#...#.#
###...##.#.#.#.#.# .#
...........#<..#.###....
......##...#....ooog.#
.......#.....#.#@###.#
###..#.#.....#.#.#
.............#.#.#
..................
########.#.......##
#.....#.#.#...#
###.###.#...#.#.#
.......<.........
###.#.#.###.#.#..


You could see an orc priest, 2 orcs and a hobgoblin.

Vanquished Creatures
  2 gnolls
  2 worms
  2 dart slugs
  A leopard gecko (D:2)
  An orc (D:3)
  2 giant cockroaches
  3 goblins
  2 hobgoblins (D:2)
  5 jackals
  4 bats (D:1)
  2 frilled lizards
  A kobold (D:1)
  A rat (D:1)
28 creatures vanquished.

Notes
Turn   | Place    | Note
-------+----------+-------------------------------------------
     0 | D:1      | Mgcat the Gargoyle Artificer began the quest for the Orb.
     0 | D:1      | Reached XP level 1. HP: 12/12 MP: 2/2
   174 | D:1      | Reached XP level 2. HP: 17/17 MP: 4/4
   233 | D:1      | Reached skill level 2 in Dodging
   586 | D:1      | Reached skill level 2 in Fighting
  1289 | D:2      | Reached XP level 3. HP: 21/21 MP: 5/5
  1755 | D:3      | Reached skill level 1 in Axes
  1784 | D:2      | Reached skill level 1 in Armour
  1991 | D:3      | Reached XP level 4. HP: 20/27 MP: 6/6
  2097 | D:3      | HP: 1/27 [orc priest/divine providence (12)]
  2098 | D:3      | Slain by an orc

Levels and vault maps discovered:
D:1:      tarquinn_simple_flora_water_c, layout_rooms
D:2:      layout_rooms, first_ration, serial_forest,
          infiniplex_forest_lined_room_3, infiniplex_forest_zigzag_1,
          infiniplex_forest_clump_large, infiniplex_forest_fountain,
          infiniplex_forest_zigzag_1, infiniplex_forest_lined_2,
          infiniplex_forest_clump_double, infiniplex_forest_zigzag_2,
          infiniplex_forest_clump_double
D:3:      layout_basic, grunt_temple_overflow_open

Skill      XL: |  1  2  3 |
---------------+----------+-----
Dodging        | 2 |  2.1
Fighting       | 2 |  2.6
Axes           | 1 |  1.2
Armour         | 1 |  1.2
Short Blades   | |  0.8
Stealth        | |  1.1
Evocations     | |  2.6

Action                   |  1- 3 |  4- 6 || total
-------------------------+-------+-------++-------
Melee: Short sword       |    39 |       ||    39
       Hand axe          |    99 |     5 ||   104
  Use: Scroll            |       |     1 ||     1
  Eat: Chunk             |     2 |     2 ||     4
Armor: Leather armour    |    47 |       ||    47
       Chain mail        |    23 |     5 ||    28
Dodge: Dodged            |    93 |     5 ||    98

Table legend:
 A = Non-vault XP
 B = Vault XP
 C = Vault XP percentage of total XP
 D = Non-vault monster count
 E = Vault monster count
 F = Vault count percentage of total count
                 A         B        C        D         E       F
            +---------+---------+-------+---------+---------+-------
      Total |      85 |       0 |   0.0 |      28 |       0 |   0.0
            +---------+---------+-------+---------+---------+-------
        D:1 |      22 |       0 |   0.0 |      13 |       0 |   0.0
        D:2 |      41 |       0 |   0.0 |      12 |       0 |   0.0
        D:3 |      22 |       0 |   0.0 |       3 |       0 |   0.0
            +---------+---------+-------+---------+---------+-------

Levels and vault maps discovered:
D:1:      tarquinn_simple_flora_water_c, layout_rooms
D:2:      layout_rooms, first_ration, serial_forest,
          infiniplex_forest_lined_room_3, infiniplex_forest_zigzag_1,
          infiniplex_forest_clump_large, infiniplex_forest_fountain,
          infiniplex_forest_zigzag_1, infiniplex_forest_lined_2,
          infiniplex_forest_clump_double, infiniplex_forest_zigzag_2,
          infiniplex_forest_clump_double
D:3:      layout_basic, grunt_temple_overflow_open

Table legend:
 A = Turns spent in this place as a percentage of turns spent in the entire game.
 B = Non-inter-level travel turns spent in this place as a percentage of non-inter-level travel turns spent in the entire game.
 C = Inter-level travel turns spent in this place as a percentage of turns spent in this place.
 D = Turns resting spent in this place as a percentage of non-inter-level travel turns spent in this place.
 E = Turns spent auto-exploring this place as a percentage of non-inter-level travel turns spent in this place.
 F = Non-inter-level travel turns spent in this place divided by the number of levels of this place that you've seen.
                   A       B       C       D       E      F
               +-------+-------+-------+-------+-------+----------------------
         Total | 100.0 | 100.0 |   7.3 |  31.7 |  51.0 | 648.0
       Dungeon | 100.0 | 100.0 |   7.3 |  31.7 |  51.0 | 648.0
               +-------+-------+-------+-------+-------+----------------------

Table legend:
 A = Kills in this place as a percentage of kills in entire the game.
 B = Kills by you in this place as a percentage of kills by you in the entire game.
 C = Kills by friends in this place as a percentage of kills by friends in the entire game.
 D = Other kills in this place as a percentage of other kills in the entire game.
 E = Experience gained in this place as a percentage of experience gained in the entire game.
 F = Experience gained in this place divided by the number of levels of this place that you have seen.
                   A       B       C       D       E      F
               +-------+-------+-------+-------+-------+----------------------
         Total | 100.0 | 100.0 |   N/A |   N/A | 100.0 |  28.3
       Dungeon | 100.0 | 100.0 |   N/A |   N/A | 100.0 |  28.3
               +-------+-------+-------+-------+-------+----------------------
